 Dungeon Crawl Stone Soup version 0.26-a0-682-g294304f6e8 (webtiles) character file.

Game seed: 8371591590699144852

85 lunkers the Ruffian (level 4, -3/35 HPs)
             Began as a Draconian Transmuter on Oct 20, 2020.
             Killed by miscasting Spider Form (10 damage)
             ... on level 2 of the Dungeon.
             The game lasted 00:04:13 (2583 turns).

lunkers the Ruffian (Draconian Transmuter)          Turns: 2583, Time: 00:04:14

Health: -3/35      AC:  5    Str: 13    XL:     4   Next: 25%
Magic:  4/7        EV: 12    Int: 13    God:
Gold:   161        SH:  0    Dex: 12    Spells: 3/7 levels left

rFire    . . .     SeeInvis .     - Unarmed
rCold    . . .     Faith    .   (no shield)
rNeg     . . .     Spirit   .   (armour unavailable)
rPois    .         Reflect  .   (helmet restricted)
rElec    .         Harm     .   (no cloak)
rCorr    .         Rampage  .   (no gloves)
MR       .....                  (no boots)
Stlth    +.........             (no amulet)
HPRegen  0.11/turn              (no ring)
MPRegen  0.10/turn              (no ring)

@: lethally poisoned (-3 -> -7), very slightly contaminated
A: unfitting armour, cold-blooded, AC +5
a: no special abilities


You were on level 2 of the Dungeon.
You visited 1 branch of the dungeon, and saw 3 of its levels.

You collected 161 gold pieces.

Inventory:

Missiles
 c - 4 atropa-tipped darts {=f}
Scrolls
 a - 4 scrolls of identify {unknown}
 b - a scroll of immolation {unknown}
 d - a scroll of noise {unknown}
 f - 2 scrolls of teleportation {unknown}
Potions
 e - 2 potions of curing {unknown}
 g - a potion of degeneration {unknown}
 h - a potion of heal wounds {unknown}


   Skills:
 - Level 1.1 Fighting
 - Level 1.7 Dodging
 + Level 4.2 Unarmed Combat
 - Level 2.0 Spellcasting
 + Level 3.5 Transmutations


You had 3 spell levels left.
You knew the following spells:

 Your Spells              Type           Power        Failure   Level
c - Spider Form           Tmut/Pois      #.........   36%         3
p - Beastly Appendage     Tmut           ##....       6%          1

Your spell library contained the following spells:

 Spells                   Type           Power        Failure   Level
 Wereblood                Tmut           ##......     9%          2
 Ice Form                 Ice/Tmut       #.......     77%         4
 Blade Hands              Tmut           ##........   86%         5


Dungeon Overview and Level Annotations

Branches:
Dungeon (3/15)

Altars:


Innate Abilities, Weirdness & Mutations

Your plain brown scales are hard. (AC +5)
You cannot fit into any form of body armour.
You are cold-blooded and may be slowed by cold attacks.


Message History

* * * LOW HITPOINT WARNING * * *
Your horns disappear.
Your talons disappear.
The orc wizard hits you with a +0 dagger.
* * * LOW HITPOINT WARNING * * *
The orc wizard looks satisfied for a moment.
There is a stone staircase leading up here.
The orc wizard barely misses you.
The orc wizard mumbles some strange words.
The orc wizard seems to speed up.
The orc wizard hits you but does no damage.
You climb upwards.
There is a stone staircase leading down here.
Casting: Beastly Appendage (safe; 6% risk of failure)
Confirm with . or Enter, or press ? or * to list all spells.
The spell is quite dangerous to cast (36% risk of failure)!
Continue anyway?
You miscast Spider Form.
You are very lightly contaminated with residual magic.
You feel incredibly sick!
You are poisoned.
You die...

.####...........#.#..#.###.#.....
.# #####...#####..........#.....
.# #...# #......(.######## .#
#...# ##...###.######## .# #...#
#...###.#......) ## ##.##
####............###
###.####..........#....###
#.................##.#.##.
########>#..#.#.@.###...###.#.##.
#...............o.# #.### #......
...≈..#..##.#.#.#.###.## ###....
≈≈.≈......<.....#......# #####
≈≈≈≈≈.........###.#.##.#
≈≈≈≈..#.##.##.# #.#.##.#
≈≈≈≈≈.........# #.#....#
.≈≈≈≈≈####.#### #.###[.#
.≈≈≈≈≈####.### #...(..#


You could see an orc wizard (fast).

Vanquished Creatures
  Terence (D:2)
  An ooze (D:1)
  2 dart slugs (D:1)
  2 leopard geckos (D:2)
  2 orcs (D:3)
  2 giant cockroaches (D:2)
  6 goblins
  12 hobgoblins
  4 kobolds
  A quokka (D:2)
  5 bats
  5 frilled lizards
  4 rats
47 creatures vanquished.

Notes
Turn   | Place    | Note
-------+----------+-------------------------------------------
     0 | D:1      | lunkers the Draconian Transmuter began the quest for the
                  | Orb.
     0 | D:1      | Reached XP level 1. HP: 16/16 MP: 3/3
   343 | D:1      | Reached XP level 2. HP: 13/23 MP: 0/5
  1100 | D:1      | Reached XP level 3. HP: 28/28 MP: 4/6
  1112 | D:1      | Learned a level 3 spell: Spider Form
  1593 | D:2      | Found a faded altar of an unknown god.
  1638 | D:2      | Noticed Terence
  1859 | D:2      | Killed Terence
  1859 | D:2      | Reached skill level 4 in Unarmed Combat
  2107 | D:2      | Reached XP level 4. HP: 35/35 MP: 7/7
  2583 | D:2      | Killed by miscasting Spider Form

Illustrated notes

Levels and vault maps discovered:
D:1:      eino_arrival_druids_welcome, layout_basic
D:2:      layout_loops_cross, chequers_ecumenical_altar_island, uniq_terence
D:3:      layout_basic, gammafunk_temple_overflow_claw, gup_sewer_entry_pipe

Skill      XL: |  1  2  3 |
---------------+----------+-----
Transmutations | 3 |  3.5
Unarmed Combat | 4 |  4.2
Fighting       | |  1.1
Dodging        | |  1.7
Spellcasting   | |  2.0

Action                   |  1- 3 |  4- 6 || total
-------------------------+-------+-------++-------
Melee: Unarmed           |   101 |    38 ||   139
       Kick              |    13 |     1 ||    14
       Tailslap          |    13 |     9 ||    22
       Headbutt          |     2 |     2 ||     4
 Cast: Beastly Appendage |    16 |     3 ||    19
       Spider Form       |     2 |     1 ||     3
 Stab: Sleeping          |     2 |     1 ||     3
Armor: Skin              |    32 |     7 ||    39
Dodge: Dodged            |    62 |    22 ||    84

Table legend: (Time is in decaauts)
 A = Elapsed time spent in this place.
 B = Non-inter-level travel time spent in this place.
 C = Inter-level travel time spent in this place.
 D = Time resting spent in this place.
 E = Time spent auto-exploring this place.
 F = Levels seen in this place.
 G = Mean time per level.
                   A        B        C        D        E       F      G
               +--------+--------+--------+--------+--------+-----+--------+
         Total |   2576 |   2537 |     39 |    209 |   1985 |   3 |  858.7 |
       Dungeon |   2576 |   2537 |     39 |    209 |   1985 |   3 |  858.7 |
               +--------+--------+--------+--------+--------+-----+--------+

Top non-repeatable levels by time:
     D:1: 1302 daAuts
     D:2: 1186 daAuts
     D:3: 87 daAuts
